 Dungeon Crawl Stone Soup version 0.23-a0-445-g768d57b (webtiles) character file.

4127 Lavandula the Grappler (level 10, 0/63 HPs)
             Began as an Octopode Hunter on Nov 17, 2018.
             Was a Follower of Ru.
             Slain by an unseen horror (10 damage)
             ... on level 12 of the Dungeon.
             The game lasted 00:28:19 (5432 turns).

Lavandula the Grappler (Octopode Hunter)            Turns: 5432, Time: 00:28:20

Health: 0/63       AC:  6    Str: 19    XL:     10   Next: 27%
Magic:  11/11      EV: 16    Int: 14    God:    Ru [*.....]
Gold:   537        SH:  9    Dex: 12    Spells: 9/9 levels left

rFire    . . .     SeeInvis .     - Unarmed
rCold    . . .     Gourm    .   F - +2 buckler
rNeg     . . .     Faith    .   (helmet restricted)
rPois    .         Spirit   .   v - +2 amulet of reflection
rElec    .         Reflect  +   h - ring of stealth
rCorr    .         Harm     .   x - +5 ring of protection
MR       +....                  b - +4 ring of strength
Stlth    ++++......             B - ring of protection from magic
HPRegen  0.20/turn              (no ring)
MPRegen  0.12/turn              (no ring)
                                (no ring)
                                (no ring)

@: very slightly contaminated, invisible
A: almost no armour, stealthy swim, amphibious, 8 rings, constrict 8, camouflage
1, gelatinous body 1, missing an eye
a: Renounce Religion


You were on level 12 of the Dungeon.
You worshipped Ru.
Ru was aware of your devotion.
You were not hungry.

You visited 2 branches of the dungeon, and saw 13 of its levels.

You collected 537 gold pieces.

Inventory:

Hand Weapons
 n - a +0 hunting sling
Missiles
 c - a throwing net
 g - 10 tomahawks
 m - 34 sling bullets
 w - a tomahawk of returning
 E - 8 javelins (quivered)
Armour
 F - a +2 buckler (worn)
Jewellery
 b - a +4 ring of strength (on tentacle)
 h - a ring of stealth (left tentacle)
 o - an uncursed ring of fire
 s - an uncursed amulet of the gourmand
 v - a +2 amulet of reflection (around mantle)
 x - a +5 ring of protection (right tentacle)
 B - a ring of protection from magic (on tentacle)
Wands
 l - a wand of clouds (6)
 t - a wand of iceblast (8)
 u - a wand of paralysis (5)
 C - a wand of polymorph (11)
Scrolls
 a - 2 scrolls of fear
 e - 4 scrolls of magic mapping
 j - 7 scrolls of remove curse
 k - 3 scrolls of fog
 q - 2 scrolls of blinking
 y - a scroll of random uselessness
 D - a scroll of amnesia
 H - a scroll of teleportation
Potions
 f - 2 potions of lignification
 i - 2 potions of curing
 r - a potion of heal wounds
 z - a potion of might
Miscellaneous
 A - a lightning rod (4/4)
Comestibles
 d - 12 rations
 G - 2 chunks of flesh


   Skills:
 - Level 3.2 Fighting
 - Level 4.0 Throwing
 - Level 6.7 Dodging
 - Level 1.3 Stealth
 - Level 4.2 Shields
 - Level 11.6 Unarmed Combat
 + Level 1.4 Evocations


You had 9 spell levels left.
You didn't know any spells.
Your spell library was empty.

Dungeon Overview and Level Annotations

Branches:
Dungeon (11/15)            Temple (1/1) D:5
   Lair: D:8-11         Orc: D:9-12

Altars:
Ashenzari
Cheibriados
Dithmenos
Elyvilon
Fedhas
Gozag
Hepliaklqana
Kikubaaqudgha
Makhleb
Nemelex Xobeh
Okawaru
Qazlal
Ru
Sif Muna
Trog
Uskayaw
Vehumet
Wu Jian
Xom
Yredelemnul
Zin
The Shining One

Shops:
D:5 (   D:6 [   D:9 [

Annotations:
D:8 Pikel


Innate Abilities, Weirdness & Mutations

You cannot wear most types of armour.
You are very stealthy in the water. (Stealth+)
You are amphibious.
You can wear up to eight rings at the same time.
You can use your tentacles to constrict eight enemies at once.
Your skin changes colour to match your surroundings (Stealth+).
Your rubbery body absorbs attacks. (AC +1, EV +1)
You are missing an eye, making it more difficult to aim.


Message History

You bludgeon the orc!
You kill the orc!
You tentacle-slap the orc.
You kill the orc!
Something hits you. Something hits you. You block something's attack.
Something barely misses you. Something hits you.
You tentacle-slap something but do no damage.
Your tentacle-slap misses something.
Your squeeze misses something. Something hits you!
* * * LOW HITPOINT WARNING * * *
You barely miss something. Something hits you.
* * * LOW HITPOINT WARNING * * *
You block something's attack.
You closely miss something. Something hits you.
* * * LOW HITPOINT WARNING * * *
Something hits you but does no damage.
You bludgeon something! Your squeeze misses something. Something hits you!
You die...

. .. ####
..... #..
..... #.#
(.....##@#
..(%.....#
......##.#
#.....[#.#
#......#)#
## #.o..#
######


There were no monsters in sight!

Vanquished Creatures
  A deep elf mage (D:8)
  A troll (D:10)
  Sigmund (D:5)
  A hippogriff (D:9)
  A hungry ghost (D:7)
  A sky beast (D:7)
  2 black bears (D:9)
  An ice beast (D:9)
  5 ogres
  A centaur (D:8)
  A crocodile (D:8)
  3 bullfrogs
  A big kobold (D:7)
  2 scorpions
  9 wights (D:9)
  5 howler monkeys
  2 jellies
  6 crimson imps
  A quasit (D:7)
  A centaur zombie (D:5)
  4 hounds
  A bullfrog skeleton (D:12)
  3 orc priests
  7 orc wizards
  An iguana (D:7)
  Natasha (thrice) (D:2)
  2 worker ants
  A worker ant zombie (D:6)
  9 adders
  A shadow imp (D:8)
  3 oozes
  An adder skeleton (D:4)
  3 worms
  A dart slug (D:4)
  4 leopard geckos
  25 orcs
  6 bats
  7 giant cockroaches
  5 hobgoblins
  20 jackals
  7 kobolds
  4 quokkas
  A ball python (D:3)
  2 frilled lizards
  8 goblins
  A quokka skeleton (D:9)
  A quokka zombie (D:6)
  10 rats
187 creatures vanquished.

Vanquished Creatures (others)
  3 kobolds (D:7)
3 creatures vanquished.

Grand Total: 190 creatures vanquished

Notes
Turn   | Place    | Note
-------+----------+-------------------------------------------
     0 | D:1      | Lavandula the Octopode Hunter began the quest for the Orb.
     0 | D:1      | Reached XP level 1. HP: 14/14 MP: 1/1
    39 | D:1      | Reached skill level 1 in Unarmed Combat
    55 | D:1      | Reached XP level 2. HP: 12/19 MP: 2/2
   102 | D:1      | Reached skill level 2 in Unarmed Combat
   185 | D:1      | Reached XP level 3. HP: 6/24 MP: 3/3
   320 | D:1      | Reached skill level 3 in Unarmed Combat
   366 | D:2      | Found a basalt altar of Yredelemnul.
   431 | D:2      | Reached XP level 4. HP: 21/29 MP: 4/4
   452 | D:2      | Noticed Natasha
   457 | D:2      | Killed Natasha
   457 | D:2      | Reached skill level 4 in Unarmed Combat
   500 | D:2      | Noticed Natasha
   506 | D:2      | Killed Natasha
   558 | D:2      | Reached XP level 5. HP: 18/34 MP: 5/5
   656 | D:2      | Noticed Natasha
   673 | D:2      | Killed Natasha
   692 | D:2      | Reached skill level 5 in Unarmed Combat
   862 | D:3      | Found a stormy altar of Qazlal.
  1065 | D:3      | Reached XP level 6. HP: 39/39 MP: 6/6
  1101 | D:5      | Entered Level 5 of the Dungeon
  1204 | D:5      | Reached skill level 6 in Unarmed Combat
  1234 | D:6      | Found Qonaow's Armour Boutique.
  1334 | D:6      | Reached skill level 7 in Unarmed Combat
  1334 | D:6      | Reached XP level 7. HP: 25/45 MP: 7/7
  1538 | D:6      | Found a glowing golden altar of the Shining One.
  1637 | D:6      | Found a radiant altar of Vehumet.
  1835 | D:7      | Noticed a hungry ghost
  1907 | D:5      | Reached skill level 8 in Unarmed Combat
  1907 | D:5      | HP: 2/45 [poisoned by an adder]
  2639 | D:4      | Reached XP level 8. HP: 39/50 MP: 8/8
  2711 | D:4      | Found a deep blue altar of Sif Muna.
  2955 | D:4      | Found an opulent altar of Gozag.
  3045 | D:5      | Noticed Sigmund
  3057 | D:5      | Killed Sigmund
  3057 | D:5      | Reached skill level 9 in Unarmed Combat
  3096 | D:5      | Found Beomeris's Antique Weapon Boutique.
  3297 | D:5      | Found a staircase to the Ecumenical Temple.
  3308 | Temple   | Entered the Ecumenical Temple
  3542 | D:5      | Found a sacrificial altar of Ru.
  3553 | D:5      | Became a worshipper of Ru the Awakened
  3666 | D:7      | Reached skill level 10 in Unarmed Combat
  3859 | D:7      | Found a white marble altar of Elyvilon.
  3933 | D:7      | Reached XP level 9. HP: 54/54 MP: 9/9
  3948 | D:8      | Noticed Pikel
  4207 | D:9      | Noticed a troll
  4225 | D:9      | Reached skill level 5 in Dodging
  4241 | D:9      | Noticed a two-headed ogre
  4241 | D:9      | a troll changed into a two-headed ogre
  4245 | D:9      | Noticed an anaconda
  4245 | D:9      | a two-headed ogre changed into an anaconda
  4413 | D:8      | Found a shimmering altar of Xom.
  4414 | D:8      | Found a hazy altar of Hepliaklqana.
  4414 | D:8      | Noticed a tentacled monstrosity
  4415 | D:8      | Noticed a spectral ugly thing
  4415 | D:8      | Noticed a tentacled monstrosity
  4424 | D:8      | Noticed a deep elf mage
  4490 | D:8      | Killed a deep elf mage
  4642 | D:9      | Reached skill level 1 in Shields
  4694 | D:9      | Gained mutation: You are missing an eye, making it more
                  | difficult to aim. [Ru sacrifice]
  4694 | D:9      | Reached * piety under Ru
  4741 | D:9      | Found a burning altar of Makhleb.
  4800 | D:9      | Found Gasmiss's Armour Emporium.
  4857 | D:9      | Reached XP level 10. HP: 62/63 MP: 10/10
  4882 | D:9      | Found a bloodstained altar of Trog.
  4912 | D:9      | Reached skill level 11 in Unarmed Combat
  5085 | D:10     | Entered Level 10 of the Dungeon
  5392 | D:10     | You fall through a shaft for 2 floors!
  5401 | D:12     | Reached skill level 1 in Evocations
  5432 | D:12     | Slain by an unseen horror

Vault maps used:
D:1:      roderic_crop_circles_arrival_small, serial_bayou_ford_a
D:2:      nicolae_overflow_crystal_walls, chequers_serial_rivers_micro_c,
          uniq_natasha, uniq_terence
D:3:      marbit_many_paths
D:4:      led_sif_pool, grunt_gozag_statues
D:5:      lemuel_round_altar, minmay_temple_entry_poolview, first_ration,
          serial_shops, nicolae_shop_trees, corner_web_ring, uniq_sigmund
D:6:      vehumet_crystals, kennysheep_mini_moat, serial_shops,
          nicolae_shop_window_shopping
D:7:      elyvilon_altar_4
D:8:      regret_index_temple_of_mockery, uniq_pikel
D:9:      trog_ov_bears_minmay, old_standard_altar, serial_shops, shop
D:10:     dpeg_oklobed_lair, erik_orc_4, uniq_psyche
D:11:     david_nohive_1, uniq_erica
D:12:     nicolae_looking_at_the_future
Temple:   eino_temple_lava

Skill      XL: |  1  2  3  4  5  6  7  8  9 10 |
---------------+-------------------------------+-----
Unarmed Combat | 1 2 3 4 5 7 8 10 11 | 11.6
Dodging        | 6 |  6.7
Fighting       | 3 |  3.2
Shields        | 3 4 |  4.2
Evocations     | 1 |  1.4
Throwing       | |  4.0
Stealth        | |  1.3

Action                   |  1- 3 |  4- 6 |  7- 9 | 10-12 || total
-------------------------+-------+-------+-------+-------++-------
Melee: Unarmed           |    58 |    76 |   235 |    70 ||   439
       Tentacles         |    12 |    15 |    43 |    12 ||    82
       Constrict         |    13 |    18 |    46 |    12 ||    89
       Punch             |     1 |     3 |    17 |     7 ||    28
 Fire: Hunting sling     |       |       |     1 |       ||     1
Throw: Javelin           |    19 |    33 |    31 |    11 ||    94
       Throwing net      |     1 |       |       |       ||     1
       Tomahawk          |       |    11 |    35 |     4 ||    50
Invok: Sacrifice an Eye  |       |       |     1 |       ||     1
  Use: Scroll            |     1 |       |    12 |       ||    13
       Potion            |       |       |     3 |     2 ||     5
 Stab: Held in net/web   |     1 |       |       |       ||     1
       Sleeping          |       |     9 |     4 |       ||    13
  Eat: Chunk             |       |     1 |    12 |       ||    13
       Ration            |       |       |     1 |     1 ||     2
Armor: Skin              |     6 |     3 |    41 |     8 ||    58
Dodge: Dodged            |    28 |    39 |   105 |    26 ||   198
Block: Other             |       |       |     7 |       ||     7
       Reflection        |       |       |     1 |       ||     1
       Buckler           |       |       |     5 |    20 ||    25

Table legend:
 A = Non-vault XP
 B = Vault XP
 C = Vault XP percentage of total XP
 D = Non-vault monster count
 E = Vault monster count
 F = Vault count percentage of total count
                 A         B        C        D         E       F
            +---------+---------+-------+---------+---------+-------
      Total |    5316 |     581 |   9.9 |     180 |       7 |   3.7
            +---------+---------+-------+---------+---------+-------
        D:1 |      54 |       0 |   0.0 |      25 |       0 |   0.0
        D:2 |     150 |      35 |  18.9 |      24 |       1 |   4.0
        D:3 |      97 |       1 |   1.0 |      18 |       1 |   5.3
        D:4 |     359 |       0 |   0.0 |      21 |       0 |   0.0
        D:5 |     298 |     231 |  43.7 |      19 |       1 |   5.0
        D:6 |     306 |       0 |   0.0 |       7 |       0 |   0.0
        D:7 |     996 |       0 |   0.0 |      23 |       0 |   0.0
        D:8 |     941 |       0 |   0.0 |       7 |       0 |   0.0
        D:9 |    1516 |     272 |  15.2 |      24 |       2 |   7.7
       D:10 |     430 |      42 |   8.9 |       7 |       2 |  22.2
       D:12 |     169 |       0 |   0.0 |       5 |       0 |   0.0
            +---------+---------+-------+---------+---------+-------
